 Dungeon Crawl Stone Soup version 0.20.1-1-g8b1a95d (webtiles) character file.

11922 shigeko the Carver (level 11, -6/102 HPs)
             Began as a Minotaur Fighter on Dec 5, 2017.
             Was a High Priest of Okawaru.
             Mangled by an 11-headed hydra (9 damage)
             ... on level 9 of the Dungeon.
             The game lasted 00:28:59 (9881 turns).

shigeko the Carver (Minotaur Fighter)               Turns: 9881, Time: 00:29:00

Health: -6/102     AC: 12    Str: 20    XL:     11   Next: 55%
Magic:  13/13      EV:  9    Int:  9    God:    Okawaru [*****.]
Gold:   381        SH: 11    Dex: 14    Spells: 10/10 levels left

rFire    . . .     SeeInvis .   d - +1 long sword (holy)
rCold    . . .     Gourm    .   c - +0 shield
rNeg     + . .     Faith    .   l - +0 chain mail
rPois    .         Spirit   .   (helmet restricted)
rElec    .         Reflect  +   (no cloak)
rCorr    .         Harm     .   (no gloves)
MR       .....                  r - +0 pair of boots
Stlth    ..........             s - +2 amulet of reflection
Regen    0.3/turn               m - +3 ring of slaying
MPRegen  0.2/turn               p - ring "Uluujach" {rN+ Int+4 Stlth-}

@: slowed, very slow
A: retaliatory headbutt, horns 2
a: Heroism, Finesse, Renounce Religion


You were on level 9 of the Dungeon.
You worshipped Okawaru.
Okawaru was extremely pleased with you.
You were not hungry.

You visited 2 branches of the dungeon, and saw 10 of its levels.
You also visited: Ossuary.

You collected 381 gold pieces.

Inventory:

Hand Weapons
 a - a +0 long sword
 d - a +1 long sword of holy wrath (weapon)
Armour
 c - a +0 shield (worn)
 l - a +0 chain mail (worn)
 r - a +0 pair of boots (worn)
 y - a +0 leather armour of cold resistance
Magical Staves
 v - an uncursed staff of summoning
Jewellery
 m - a +3 ring of slaying (left hand)
 p - the ring "Uluujach" (right hand) {rN+ Int+4 Stlth-}
   (You found it on level 8 of the Dungeon)

   [ring of loudness]

   It affects your intelligence (+4).
   It protects you from negative energy.
   It makes you less stealthy.
 s - a +2 amulet of reflection (around neck)
 u - an uncursed ring of poison resistance
 C - an uncursed ring of protection from fire
 G - an uncursed ring of magical power
 H - a +6 ring of intelligence {unknown}
Wands
 P - a wand of lightning (3/15)
 Q - a wand of confusion (20/48)
Scrolls
 b - 5 scrolls of teleportation {unknown}
 e - a scroll of noise {unknown}
 i - 6 scrolls of remove curse
 n - 3 scrolls of amnesia {unknown}
 o - 4 scrolls of magic mapping {unknown}
 x - 2 scrolls of enchant weapon {unknown}
 A - 2 scrolls of enchant armour {unknown}
 D - 4 scrolls of fear {unknown}
 E - a scroll of blinking {unknown}
 F - a scroll of fog {unknown}
 I - a scroll of summoning {unknown}
 M - a scroll of immolation {unknown}
 N - a scroll of recharging {unknown}
Potions
 g - 3 potions of brilliance
 h - 3 potions of heal wounds
 j - 3 potions of haste
 k - 5 potions of flight
 t - a potion of curing
 B - a potion of agility {unknown}
 J - 2 potions of mutation {unknown}
Books
 z - a book of Conjurations

   Spells                             Type                      Level
   a - Magic Dart                     Conjuration                  1
   b - Searing Ray                    Conjuration                  2
   c - Dazzling Spray                 Conjuration/Hexes            3
   d - Fulminant Prism                Conjuration/Hexes            4
   e - Force Lance                    Conjuration/Translocation    4
   f - Iskenderun's Mystic Blast      Conjuration                  4
Comestibles
 f - 10 bread rations
 q - 2 meat rations
 w - 7 royal jellies
 O - 14 fruits


   Skills:
 + Level 11.0 Fighting
 * Level 14.2 Long Blades
 + Level 8.8 Armour
 + Level 7.3 Dodging
 - Level 3.6 Shields
 - Level 5.0 Invocations


You had 10 spell levels left.
You didn't know any spells.

Dungeon Overview and Level Annotations

Branches:
Dungeon (9/15)             Temple (1/1) D:7            Lair (0/6) D:9
    Orc: D:9-12

Altars:
Ashenzari
Cheibriados
Dithmenos
Elyvilon
Fedhas
Gozag
Hepliaklqana
Kikubaaqudgha
Makhleb
Nemelex Xobeh
Okawaru
Ru
Sif Muna
Uskayaw
Vehumet
Yredelemnul
Zin
The Shining One


Innate Abilities, Weirdness & Mutations

You reflexively headbutt those who attack you in melee.
You have a pair of horns on your head.


Message History

The 11-headed hydra barely misses you. x2; The 11-headed hydra bites you!
* * * LOW HITPOINT WARNING * * *
The 11-headed hydra barely misses you. You block the 11-headed hydra's attack.
You take 9 damage, and have 16/102 hp.
Warning x3: The jelly can corrode equipment in melee!
The orc priest can smite you!
The 11-headed hydra can hit for high damage in melee!
The orc priest mumbles some strange prayers to Beogh against you.
Pain shoots through your body!
* * * LOW HITPOINT WARNING * * *
The jelly jiggles.
You block the orc's attack.
All of the chunks of flesh in your inventory have rotted away.
You take 3 damage, and have 13/102 hp.
Warning x3: The jelly can corrode equipment in melee!
The orc priest can smite you!
The 11-headed hydra can hit for high damage in melee!
You block the 11-headed hydra's attack. x2
The 11-headed hydra completely misses you.
The 11-headed hydra bites you but does no damage. x2
The 11-headed hydra bites you!
* * * LOW HITPOINT WARNING * * *
The 11-headed hydra bites you!
You die...

#........#.# #.#... #.>......#.#
#.#.## ## #........#.# #.#.# .#
##########........#.#####.#.# .#
#.................#.#..##.#.## .#
#.................#.#..##.....
####.........o.......#.#.......#.
...#......o...Jo.....#.##.#####..
...'.........ooD@.....<..>.......
...#..........######.####.#######
..............# #.#.......#...
..............# #........#.#..#
...#####+##...... +........#.#..#
...# #.##### #........#.#..# ...#
#.# #........#.#<.# (.## #'#
#........#.##.# ..#
.........#....#


You could see a 11-headed hydra, a jelly, an orc priest, an orc wizard and 3
orcs.

Vanquished Creatures
  3 death yaks (D:9)
  2 two-headed ogres
  The ghost of Agrougrou the Cleaver, a novice FoFi of Okawaru (D:8)
  Pikel (D:6)
  The ghost of pstr the Digger, a novice NaEE (D:5)
  Joseph (D:7)
  A black mamba (shapeshifter) (D:8)
  A troll (D:8)
  2 dream sheep (D:9)
  2 hippogriffs (D:8)
  Sigmund (D:2)
  6 yaks (D:9)
  A hungry ghost (D:8)
  Menkaure (D:7)
  3 orc warriors
  The ghost of Lanoc the Chucker, an amateur TrHu of Uskayaw (D:3)
  An eye of draining (D:8)
  A sky beast (D:8)
  A slave (D:6)
  4 ice beasts
  3 phantoms
  4 ogres
  A crocodile (D:8)
  4 big kobolds (D:9)
  Blork the orc (D:6)
  3 bullfrogs
  A wyvern zombie (Ossuary)
  2 scorpions
  9 killer bees
  A howler monkey (D:7)
  2 crimson imps
  6 centaur zombies
  5 bullfrog zombies
  5 hounds
  8 orc priests
  2 orc wizards
  A centaur skeleton (D:8)
  9 worker ants
  An iguana (D:8)
  A killer bee zombie (Ossuary)
  3 hound zombies
  13 mummies (Ossuary)
  A worker ant zombie (Ossuary)
  10 adders
  14 gnolls
  2 adder skeletons
  4 adder zombies (Ossuary)
  6 worms
  6 dart slugs
  6 leopard geckos
  27 orcs
  6 giant cockroaches
  6 hobgoblins
  14 jackals
  8 quokkas
  A ball python (D:4)
  A bat (D:1)
  5 frilled lizards
  A giant cockroach zombie (Ossuary)
  5 goblins
  17 kobolds
  2 leopard gecko skeletons
  2 leopard gecko zombies (Ossuary)
  3 quokka zombies
  12 rats
  A withered plant (Ossuary)
280 creatures vanquished.

Vanquished Creatures (others)
  2 slaves (D:6)
  A centaur (D:8)
  A crimson imp (D:6)
  A worker ant (D:6)
  An orc (D:6)
  A quokka (D:6)
  A jackal skeleton (D:6)
  A plant (D:2)
  2 withered plants (Ossuary)
11 creatures vanquished.

Grand Total: 291 creatures vanquished

Notes
Turn   | Place    | Note
-------+----------+-------------------------------------------
     0 | D:1      | shigeko the Minotaur Fighter began the quest for the Orb.
     0 | D:1      | Reached XP level 1. HP: 19/19 MP: 0/0
   186 | D:1      | Reached skill level 3 in Long Blades
   450 | D:1      | Reached XP level 2. HP: 19/26 MP: 1/1
   800 | D:2      | Reached skill level 4 in Long Blades
   821 | D:2      | Reached XP level 3. HP: 11/31 MP: 2/2
  1054 | D:2      | Reached skill level 5 in Long Blades
  1211 | D:2      | Reached XP level 4. HP: 21/39 MP: 3/3
  1581 | D:2      | Found a glowing golden altar of the Shining One.
  1715 | D:2      | Noticed Sigmund
  1744 | D:2      | Killed Sigmund
  1744 | D:2      | Reached skill level 7 in Long Blades
  1744 | D:2      | Reached XP level 5. HP: 27/45 MP: 4/4
  2663 | D:3      | Reached XP level 6. HP: 51/51 MP: 5/5
  2962 | D:3      | Noticed Lanoc's ghost (amateur TrHu)
  2975 | D:3      | Killed Lanoc's ghost
  2975 | D:3      | Reached skill level 8 in Long Blades
  3833 | D:4      | Reached skill level 9 in Long Blades
  3846 | D:4      | Reached XP level 7. HP: 52/57 MP: 6/6
  4056 | D:4      | Found a hazy altar of Hepliaklqana.
  4424 | D:5      | Entered Level 5 of the Dungeon
  4506 | D:5      | Reached skill level 10 in Long Blades
  4613 | D:5      | Noticed pstr's ghost (novice NaEE)
  4632 | D:5      | Killed pstr's ghost
  4632 | D:5      | Reached skill level 5 in Fighting
  4632 | D:5      | Reached skill level 5 in Armour
  4632 | D:5      | Reached XP level 8. HP: 68/68 MP: 7/7
  4689 | D:5      | Found a sand-covered staircase.
  4696 | Ossuary  | Entered an ossuary
  5473 | D:6      | Reached skill level 5 in Dodging
  5473 | D:6      | Reached XP level 9. HP: 79/79 MP: 8/8
  5476 | D:6      | Noticed Pikel
  5501 | D:6      | Killed Pikel
  6195 | D:6      | Found a blossoming altar of Fedhas.
  6536 | D:6      | Found a shadowy altar of Dithmenos.
  6560 | D:6      | Noticed Blork the orc
  6566 | D:6      | Killed Blork the orc
  6647 | D:6      | Found an opulent altar of Gozag.
  6915 | D:7      | Found a staircase to the Ecumenical Temple.
  6920 | Temple   | Entered the Ecumenical Temple
  6924 | Temple   | Became a worshipper of Warmaster Okawaru
  6939 | D:7      | Noticed Joseph
  6955 | D:7      | Killed Joseph
  6955 | D:7      | Reached skill level 1 in Invocations
  7126 | D:7      | Noticed Menkaure
  7133 | D:7      | Killed Menkaure
  7271 | D:7      | Reached * piety under Okawaru
  7271 | D:7      | Reached skill level 11 in Long Blades
  7459 | D:7      | Reached XP level 10. HP: 30/90 MP: 10/10
  8068 | D:8      | Reached ** piety under Okawaru
  8158 | D:8      | Noticed Agrougrou's ghost (novice FoFi)
  8169 | D:8      | Killed Agrougrou's ghost
  8171 | D:8      | Reached skill level 12 in Long Blades
  8205 | D:8      | Noticed a two-headed ogre
  8241 | D:8      | Killed a two-headed ogre
  8241 | D:8      | Reached *** piety under Okawaru
  8417 | D:8      | Reached skill level 10 in Fighting
  8571 | D:8      | Reached skill level 13 in Long Blades
  8819 | D:8      | Noticed a black mamba
  8821 | D:8      | Killed a black mamba
  8821 | D:8      | Reached **** piety under Okawaru
  8821 | D:8      | Reached skill level 5 in Invocations
  8829 | D:8      | Got a steaming marble ring
  8893 | D:8      | Identified the ring "Uluujach" {rN+ Int+4 Stlth-} (You found it on level 8 of the Dungeon)
  9092 | D:8      | Reached XP level 11. HP: 101/101 MP: 13/13
  9272 | D:9      | Noticed a two-headed ogre
  9289 | D:9      | Killed a two-headed ogre
  9437 | D:9      | Found a staircase to the Lair.
  9437 | D:9      | Noticed a death yak
  9438 | D:9      | Noticed a death yak
  9438 | D:9      | Noticed a death yak
  9468 | D:9      | Killed a death yak
  9482 | D:9      | Killed a death yak
  9507 | D:9      | Killed a death yak
  9507 | D:9      | Reached ***** piety under Okawaru
  9507 | D:9      | Reached skill level 14 in Long Blades
  9797 | D:9      | Noticed a three-headed hydra
  9881 | D:9      | HP: 3/102 [11-headed hydra (10)]
  9881 | D:9      | Mangled by an 11-headed hydra

Skill      XL: |  1  2  3  4  5  6  7  8  9 10 11 |
---------------+----------------------------------+-----
Long Blades    | 3 4 5 7 9 10 11 13 14 | 14.2
Fighting       | 5 7 8 10 11 | 11.0
Armour         | 5 6 7 8 |  8.8
Dodging        | 2 5 6 7 |  7.3
Invocations    | 2 5 |  5.0
Shields        | |  3.6

Action                   |  1- 3 |  4- 6 |  7- 9 | 10-12 || total
-------------------------+-------+-------+-------+-------++-------
Melee: Long sword        |    64 |   184 |   321 |   275 ||   844
       Headbutt          |    10 |    35 |    77 |    75 ||   197
Invok: Heroism           |       |       |       |     2 ||     2
Evoke: Wand              |       |       |       |     2 ||     2
  Use: Potion            |     1 |       |     4 |     3 ||     8
       Scroll            |       |     5 |     3 |     1 ||     9
 Stab: Invisible         |       |       |       |     4 ||     4
  Eat: Chunk             |     1 |     8 |    12 |     9 ||    30
Armor: Scale mail        |    11 |       |       |       ||    11
       Chain mail        |    11 |    66 |    95 |    84 ||   256
       Skin              |       |       |     5 |       ||     5
Dodge: Dodged            |    13 |    26 |    59 |    79 ||   177
Block: Shield            |    39 |    63 |   121 |   126 ||   349
       Reflection        |       |       |     6 |     7 ||    13
       Rpst.: Long sword |     2 |     4 |    16 |    16 ||    38
